 Dungeon Crawl Stone Soup version 0.18-a0-943-g2c08dd4 (webtiles) character file.

7 Gorice the Skirmisher (level 1, 0/10 HPs)
             Began as a Felid Wanderer on Dec 28, 2015.
             Slain by a hobgoblin (5 damage)
             ... on level 1 of the Dungeon.
             The game lasted 00:01:09 (335 turns).

Gorice the Skirmisher (Felid Wanderer)               Turns: 335, Time: 00:01:09

Health: 0/10       AC:  1    Str:  6    XL:     1   Next: 91%
Magic:  2/2        EV: 18    Int: 12    God:
Gold:   0          SH:  0    Dex: 18    Spells: 0 memorised, 0 levels left
                                        Lives:  0   Deaths: 0

rFire  . . .     SeeInvis +       - Unarmed
rCold  . . .     Gourm    .     (armour unavailable)
rNeg   . . .     Faith    .     (shield unavailable)
rPois  .         Spirit   .     (helmet unavailable)
rElec  .         Dismiss  .     (cloak unavailable)
rCorr  .         Reflect  .     (gloves unavailable)
SustAt .         Harm     .     (boots unavailable)
MR     .....                    (no amulet)
Stlth  +++.......               (no ring)
                                (no ring)

@: quick, not resistant to hostile enchantments, fairly stealthy
A: no armour, no weapons or thrown items, claws 1, fangs 3, see invisible,
carnivore 3, speed 1, shaggy fur 1, slow metabolism 1, sharp paws
a: no special abilities


You were on level 1 of the Dungeon.
You were not hungry.

You visited 1 branch of the dungeon, and saw 1 of its levels.

Inventory:

Wands
 c - a wand of random effects (15/48)
Scrolls
 e - a scroll of random uselessness {unknown}
 f - 2 scrolls of identify {unknown}
 g - a scroll of teleportation {unknown}
Potions
 a - 2 potions of haste {!q}
 b - a potion of curing
 h - a potion of flight {unknown}
Comestibles
 d - a meat ration {!e}


   Skills:
 + Level 3.1 Fighting
 + Level 3.0 Dodging
 - Level 2.6 Stealth
 * Level 2.4 Unarmed Combat
 - Level 1.1 Evocations


You couldn't memorise any spells.
You didn't know any spells.

Dungeon Overview and Level Annotations

Branches:
Dungeon (1/15)

Altars:


Innate Abilities, Weirdness & Mutations

You cannot wear armour.
You are incapable of wielding weapons or throwing items.
You have sharp claws.
You have razor-sharp teeth.
You have supernaturally acute eyesight.
You are carnivorous and can eat meat at any time.
You cover ground quickly.
You are covered in fur (AC +1).
You have a slow metabolism.
Your sharp claws are effective at attacking unaware monsters.


Message History

Found a short sword.
You start resting.
HP restored.
There is a stone staircase leading down here.
A rat comes into view.
The helpless rat fails to defend itself.
You claw the rat!
You kill the rat!
Your Dodging skill increases to level 3!
No target in view!
There is an open door here.
You open the door.
There is an open door here.
There is an open door here.
Found a stone staircase leading down.
There is a stone staircase leading down here.
A goblin comes into view. It is wielding a club.
The goblin shouts!
The goblin misses you.
There is an open door here.
You barely miss the goblin. Your claw misses the goblin.
You scratch the goblin.
You kill the goblin!
No target in view!
No target in view!
Found 13 arrows of flame.
Found 31 stones.
You see here 13 arrows of flame.
You see here 31 stones.
A hobgoblin comes into view.
Found a stone staircase leading down.
The hobgoblin completely misses you.
You scratch the hobgoblin but do no damage.
The hobgoblin closely misses you.
You barely miss the hobgoblin. The hobgoblin misses you.
You scratch the hobgoblin.
You bite the hobgoblin, but do no damage.
The hobgoblin is moderately wounded.
The hobgoblin hits you.
Ouch! That really hurt!
Damage: 5 (max 5)
You scratch the hobgoblin.
You bite the hobgoblin, but do no damage.
The hobgoblin is heavily wounded.
The hobgoblin barely misses you.
You scratch the hobgoblin.
The hobgoblin is severely wounded.
The hobgoblin hits you.
Ouch! That really hurt!
You die...

..# ###.# ..#.### ###
#.#.#.. ..#
#.#.#.########.#
#.#.#.#......#.#
..#.#.#.####.#.#
#.#.#.#.####.#.#######
..(...(.........@g..>#
###.#.#.####.#.#####.#
# #.#.#.# #.#.# #
#.#.#.# #.#.# #
#.#...# #.#.# #
#.#.### #.#.# # #.#..
..#.# ###.### ###.#
....#


You could see a hobgoblin.

Vanquished Creatures
  3 goblins (D:1)
  A hobgoblin (D:1)
  A kobold (D:1)
  2 rats (D:1)
7 creatures vanquished.

Notes
Turn   | Place    | Note
--------------------------------------------------------------
     0 | D:1      | Gorice the Felid Wanderer began the quest for the Orb.
     0 | D:1      | Gorice set off with: 2 potions of haste {!q}, a potion of curing, a wand of random effects (15/48), a meat ration {!e}
     0 | D:1      | Reached XP level 1. HP: 10/10 MP: 2/2
   246 | D:1      | Reached skill level 3 in Dodging
   335 | D:1      | Slain by a hobgoblin

Vault maps used:
D:1:      dpeg_arrival_water_altar

Action                   || total
-------------------------++-------
Melee: Unarmed           ||    23
 Stab: Sleeping          ||     2

Table legend:
 A = Turns spent in this place as a percentage of turns spent in the entire game.
 B = Non-inter-level travel turns spent in this place as a percentage of non-inter-level travel turns spent in the entire game.
 C = Inter-level travel turns spent in this place as a percentage of turns spent in this place.
 D = Turns resting spent in this place as a percentage of non-inter-level travel turns spent in this place.
 E = Turns spent auto-exploring this place as a percentage of non-inter-level travel turns spent in this place.
 F = Non-inter-level travel turns spent in this place divided by the number of levels of this place that you've seen.
                   A       B       C       D       E      F
               +-------+-------+-------+-------+-------+----------------------
         Total | 100.0 | 100.0 |   0.0 |   1.9 |  10.6 | 104.0
       Dungeon | 100.0 | 100.0 |   0.0 |   1.9 |  10.6 | 104.0
               +-------+-------+-------+-------+-------+----------------------

Vault maps used:
D:1:      dpeg_arrival_water_altar
